cohdb
Replays
Latest Replays
All Replays
Popular Replays
Top Player Replays
Match Explorer
How It Works
Community
CoH3 Stats
Reddit
Sign in to upload your games and track your stats! →
Sign in with Steam
Match 43861021
Unlisted
Match 43861021
Overview
Messages
Build Orders
End
Construct Barracks
Selects Armored Battlegroup
Riflemen Squad
1⁄4-ton 4x4 Truck
Riflemen Squad
Riflemen Squad
Engineer Squad
Grenade Package
Air Support Center
Construct Motor Pool
M8 Greyhound Armored Car
M1 Anti-tank Gun Team
Scout Squad
M1 Mortar Team
M1918 Browning Automatic Rifles
Selects Strength in Steel
Selects Veteran Crews
Selects Veteran Crews
Selects Strength in Steel
Selects Assault Engineers
Selects Strength in Steel
Construct Weapon Support Center
M3 Armored Personnel Carrier
M1 Anti-tank Gun Team
P-47 Strafing Run
Venoninho
Windstride
o Cy
Dog
Halokoo
São Leopoldo
0
0
Comments
sign in to comment!
No comments posted yet!